 Dungeon Crawl Stone Soup version 0.29-a0-1065-g47a6bb87d6 (webtiles) character file.

Game seed: 1128557207128812260

472 Zeldest the Chopper (level 7, -1/25 (37) HPs)
             Began as a Vine Stalker Fighter on Aug 18, 2022.
             Slain by Edmund
             ... wielding a +3 flail of draining
              (6 damage)
             ... on level 5 of the Dungeon.
             The game lasted 00:02:24 (3138 turns).

Zeldest the Chopper (Vine Stalker Fighter)          Turns: 3138, Time: 00:02:24

HP:   -1/25 (37)    AC:  9    Str: 20    XL:     7   Next: 9%
MP:   0/8           EV: 13    Int:  8    God:
Gold: 286           SH:  5    Dex: 14    Spells: 6/6 levels left

rFire   . . .      SeeInvis .   a - +0 war axe
rCold   . . .      Faith    +   c - +0 buckler
rNeg    . . .      Spirit   +   b - +0 scale mail
rPois   +          Reflect  .   (no helmet)
rElec   .          Harm     .   B - +0 cloak
rCorr   .          Rampage  .   A - +0 pair of gloves
Will    .....                   (no boots)
Stlth   ..........              w - amulet of faith
HPRegen 0.88/turn               v - +4 ring of evasion
MPRegen 0.11/turn               l - ring of poison resistance

@: very heavily drained
A: fangs 2, regeneration 1, magic shield, antimagic bite, no potion heal 2
a: no special abilities


You were on level 5 of the Dungeon.
You visited 1 branch of the dungeon, and saw 5 of its levels.

You collected 286 gold pieces.

Inventory:

Hand Weapons
 a - a +0 war axe (weapon)
Armour
 b - a +0 scale mail (worn)
 c - a +0 buckler (worn)
 A - a +0 pair of gloves (worn)
 B - a +0 cloak (worn)
Jewellery
 g - a +6 ring of strength
 l - a ring of poison resistance (right hand)
 v - a +4 ring of evasion (left hand)
 w - an amulet of faith (around neck)
Wands
 d - a wand of iceblast (5)
 x - a wand of flame (17)
Scrolls
 e - 3 scrolls of identify {unknown}
 f - a scroll of fog {unknown}
 i - a scroll of noise {unknown}
 k - a scroll of amnesia {unknown}
 m - a scroll of acquirement {unknown}
 q - 2 scrolls of fear {unknown}
 u - a scroll of magic mapping {unknown}
 y - 2 scrolls of vulnerability {unknown}
 z - a scroll of immolation {unknown}
Potions
 h - 4 potions of mutation {unknown}
 j - a potion of haste {unknown}
 n - a potion of degeneration {unknown}
 o - 2 potions of attraction {unknown}
 p - 4 potions of heal wounds {unknown}
 r - 4 potions of curing {unknown}
 s - 2 potions of lignification {unknown}
 t - a potion of berserk rage {unknown}


   Skills:
 + Level 3.9 Fighting
 * Level 4.4 Axes
 + Level 3.6 Armour
 + Level 4.0 Shields


You had 6 spell levels left.
You didn't know any spells.
Your spell library contained the following spells:

 Spells                   Type           Power      Damage    Failure   Level
 Freeze                   Ice            0%         1d3       85%         1
 Frozen Ramparts          Ice            0%         1d1       99%         3
 Hailstorm                Conj/Ice       0%         3d3       100%        4


Dungeon Overview and Level Annotations

Branches:
Dungeon (5/15)
 Temple: D:4-7

Altars:
Cheibriados
Dithmenos
Uskayaw
Yredelemnul

Shops:
D:2 (

Annotations:
D:5 Edmund


Innate Abilities, Weirdness & Mutations

You have extremely sharp teeth.
Your natural rate of healing is unusually fast.
When hurt, damage is shared between your health and your magic reserves.
Your bite disrupts and absorbs the magic of your enemies.
Potions cannot restore your health.


Message History

Edmund is heavily wounded.
Edmund hits you with a +3 flail of draining!
You feel drained.
You closely miss Edmund.
Edmund is heavily wounded.
Edmund hits you with a +3 flail of draining.
You feel drained. Edmund closely misses you.
You hit Edmund but do no damage.
Edmund is heavily wounded.
Edmund hits you with a +3 flail of draining.
You feel drained.
You closely miss Edmund.
Edmund is heavily wounded.
Edmund hits you with a +3 flail of draining!
You feel drained.
You slash Edmund! You bite Edmund, but do no damage.
Edmund is severely wounded.
Edmund hits you with a +3 flail of draining.
You feel drained.
Edmund hits you with a +3 flail of draining.
* * * LOW HITPOINT WARNING * * *
You feel drained.
* * * LOW HITPOINT WARNING * * *
Okay, then.
You closely miss Edmund.
Edmund is severely wounded.
Edmund hits you with a +3 flail of draining.
* * * LOW HITPOINT WARNING * * *
You feel drained.
* * * LOW HITPOINT WARNING * * *
Okay, then.
You closely miss Edmund. Your bite misses Edmund.
Edmund is severely wounded.
Edmund barely misses you.
Okay, then.
You barely miss Edmund.
Edmund is severely wounded.
An iguana comes into view.
Edmund hits you with a +3 flail of draining!
You die...

##._..⌠.....................
#.....)...#......##........
##........#.....####......#
#..._...##...### ######
#.........##..#
#.#......###..# #...######
#..# ##### #..# #@.# #@##
#S# †.# ... ...l ##.. ###.


You could see Edmund, an iguana (wandering) and an adder.

Vanquished Creatures
  An ogre (D:5)
  A howler monkey (D:4)
  A gnoll bouda (D:5)
  An orc priest (D:5)
  Ijyb (D:3)
  3 orc wizards (D:5)
  An iguana (D:5)
  7 adders
  3 gnolls (D:5)
  An ufetubus (D:5)
  4 dart slugs
  4 orcs (D:5)
  6 endoplasms
  4 giant cockroaches
  7 goblins
  7 hobgoblins
  5 jackals (D:1)
  A quokka (D:4)
  3 ball pythons
  3 bats
  2 frilled lizards
  6 kobolds
  6 rats
78 creatures vanquished.

Notes
Turn   | Place    | Note
-------+----------+-------------------------------------------
     0 | D:1      | Zeldest the Vine Stalker Fighter began the quest for the
                  | Orb.
     0 | D:1      | Reached XP level 1. HP: 11/11 MP: 2/2
   174 | D:1      | Reached XP level 2. HP: 15/16 MP: 3/3
   300 | D:1      | Found a faded altar of an unknown god.
   445 | D:1      | Reached XP level 3. HP: 18/19 MP: 4/4
   790 | D:2      | Found Dyhahos's Weapon Shop.
  1154 | D:2      | Gained mutation: Your natural rate of healing is unusually
                  | fast. [Vine Stalker growth]
  1154 | D:2      | Reached XP level 4. HP: 23/24 MP: 5/5
  1323 | D:3      | Noticed Ijyb
  1329 | D:3      | Killed Ijyb
  2080 | D:4      | Reached XP level 5. HP: 19/28 MP: 3/6
  2094 | D:4      | Found a basalt altar of Yredelemnul.
  2755 | D:5      | Entered Level 5 of the Dungeon
  2787 | D:5      | Found a shadowy altar of Dithmenos.
  2787 | D:5      | Found a hide-covered altar of Uskayaw.
  2790 | D:5      | Found a snail-covered altar of Cheibriados.
  2922 | D:5      | Reached XP level 6. HP: 32/32 MP: 7/7
  3080 | D:5      | Reached XP level 7. HP: 9/37 MP: 3/8
  3124 | D:5      | Noticed Edmund
  3138 | D:5      | Slain by Edmund

Illustrated notes

Levels and vault maps discovered:
D:1:      psy_arrival_conway, layout_loops_ring,
          shapermc_ecumenical_altar_ellora, chequers_serial_rivers_micro_b
D:2:      layout_basic, serial_shops, nicolae_shop_hallway_stairs
D:3:      layout_rooms, uniq_ijyb
D:4:      layout_layer_cave, kennysheep_mini, dk_noncrumbling_4
D:5:      layout_layer_cave, grunt_temple_overflow_open, uniq_edmund

Skill      XL: |  1  2  3  4  5  6  7 |
---------------+----------------------+-----
Axes           | 2 3 4 |  4.4
Fighting       | 3 |  3.9
Shields        | 3 4 |  4.0
Armour         | 3 |  3.6

Action                   |  1- 3 |  4- 6 |  7- 9 || total
-------------------------+-------+-------+-------++-------
Melee: War axe           |    79 |   103 |    16 ||   198
       Bite              |    21 |    23 |     5 ||    49
Evoke: Wand              |       |       |     1 ||     1
  Use: Potion            |       |     1 |       ||     1
Armor: Scale mail        |    38 |    42 |     2 ||    82
Dodge: Dodged            |    43 |    81 |     6 ||   130
Block: Buckler           |    14 |    33 |       ||    47

Table legend: (Time is in decaauts)
 A = Elapsed time spent in this place.
 B = Non-inter-level travel time spent in this place.
 C = Inter-level travel time spent in this place.
 D = Time resting spent in this place.
 E = Time spent auto-exploring this place.
 F = Levels seen in this place.
 G = Mean time per level.
                   A        B        C        D        E       F      G
               +--------+--------+--------+--------+--------+-----+--------+
         Total |   3219 |   2979 |    240 |     95 |   2334 |   5 |  643.8 |
       Dungeon |   3219 |   2979 |    240 |     95 |   2334 |   5 |  643.8 |
               +--------+--------+--------+--------+--------+-----+--------+

Top non-repeatable levels by time:
     D:4: 943 daAuts
     D:1: 755 daAuts
     D:2: 639 daAuts
     D:3: 475 daAuts
     D:5: 407 daAuts
